 Dungeon Crawl Stone Soup version 0.28.0-53-g5a82cb258f (webtiles) character file.

Game seed: 2180687176515445993

189 Stomo the Skirmisher (level 5, 0/47 HPs)
             Began as a Draconian Monk on July 13, 2022.
             Killed by nerve-wracking pain
             ... invoked by Grinder
              (10 damage)
             ... on level 3 of the Dungeon.
             The game lasted 00:03:37 (3508 turns).

Stomo the Skirmisher (Draconian Monk)               Turns: 3508, Time: 00:03:38

Health: 0/47       AC:  7    Str: 15    XL:     5   Next: 40%
Magic:  5/5        EV: 17    Int: 11    God:
Gold:   47         SH:  4    Dex: 13    Spells: 4/4 levels left

rFire   . . .      SeeInvis .   a - +0 mace (vorpal)
rCold   . . .      Faith    .   (no shield)
rNeg    . . .      Spirit   .   (armour unavailable)
rPois   .          Reflect  .   (helmet restricted)
rElec   .          Harm     .   (no cloak)
rCorr   .          Rampage  .   (no gloves)
Will    .....      Clarity  +   k - +1 pair of boots
Stlth   ++........              (no amulet)
HPRegen 0.15/turn               f - +4 ring of evasion
MPRegen 0.09/turn               (no ring)

@: no status effects
A: AC +5, unfitting armour, cold-blooded, large bone plates 1, clarity
a: no special abilities


You were on level 3 of the Dungeon.
You visited 1 branch of the dungeon, and saw 3 of its levels.

You collected 47 gold pieces.

Inventory:

Hand Weapons
 a - a +0 vorpal mace (weapon)
Armour
 k - a +1 pair of boots (worn)
Jewellery
 f - a +4 ring of evasion (left hand)
Wands
 i - a wand of flame (13) (quivered)
Scrolls
 c - 3 scrolls of teleportation
 d - a scroll of blinking
 e - 2 scrolls of identify
Potions
 b - a potion of brilliance {unknown}
 g - a potion of curing {unknown}
 j - a potion of heal wounds


   Skills:
 + Level 4.7 Fighting
 + Level 4.3 Maces & Flails
 + Level 3.8 Dodging
 - Level 1.7 Stealth


You had 4 spell levels left.
You didn't know any spells.
Your spell library was empty.

Dungeon Overview and Level Annotations

Branches:
Dungeon (3/15)

Altars:

Shops:
D:1 ?   D:2 [*=

Annotations:
D:3 Grinder


Innate Abilities, Weirdness & Mutations

Your plain brown scales are hard. (AC +5)
You cannot fit into any form of body armour.
You are cold-blooded and may be slowed by cold attacks.
You are partially covered in large bone plates. (SH +4)
You possess an exceptional clarity of mind.


Message History

Grinder is heavily wounded.
Grinder hits you but does no damage. You block Grinder's attack.
You barely miss Grinder.
Your tail-slap misses Grinder.
Grinder is heavily wounded.
Grinder blinks!
Unknown command.
Grinder barely misses you. Grinder misses you.
You closely miss Grinder.
Grinder is moderately wounded.
Grinder blinks!
You see here a grey potion.
g - a grey potion Grinder says, "FISH!"
Aiming: Throw Flame
Press: ? - help, Q - select action Shift-Dir - straight line, f - Grinder
Aim: Grinder (moderately wounded, 64% to hit)
The puff of flame hits Grinder.
Grinder is heavily wounded.
Grinder gestures at you. Pain shoots through your body!
Aiming: Throw Flame
Press: ? - help, Q - select action Shift-Dir - straight line, f/p - Grinder
Aim: Grinder (heavily wounded, 64% to hit)
The puff of flame hits Grinder.
Grinder is heavily wounded.
Grinder gestures at you. Pain shoots through your body!
* * * LOW HITPOINT WARNING * * *
Aiming: Throw Flame
Press: ? - help, Q - select action Shift-Dir - straight line, f/p - Grinder
Aim: Grinder (heavily wounded, 64% to hit)
The puff of flame hits Grinder.
Grinder is severely wounded.
Unknown command.
You hit Grinder. You tail-slap Grinder.
Grinder is almost dead.
Grinder gestures at you. Pain shoots through your body!
You die...

###########
.......@5.#
##+##+###.#
#.###
#...#######
+.#........
#.########..#
#.## #.####
#..#
#####.....
+..#
#.....###.


You could see Grinder.

Vanquished Creatures
  An orc wizard (D:2)
  Natasha (thrice) (D:2)
  A hound zombie (D:3)
  A gnoll (D:1)
  2 dart slugs (D:1)
  8 orcs
  3 ball pythons
  3 endoplasms (D:2)
  3 goblins (D:2)
  3 hobgoblins
  6 jackals
  5 quokkas
  5 bats
  8 frilled lizards
  3 kobolds
  2 rats (D:2)
57 creatures vanquished.

Notes
Turn   | Place    | Note
-------+----------+-------------------------------------------
     0 | D:1      | Stomo the Draconian Monk began the quest for the Orb.
     0 | D:1      | Reached XP level 1. HP: 19/19 MP: 1/1
   184 | D:1      | Reached XP level 2. HP: 24/26 MP: 2/2
   743 | D:1      | Reached XP level 3. HP: 33/33 MP: 3/3
   784 | D:1      | Found Wuobib's Magic Scroll Emporium.
  1130 | D:2      | Found Betibixt's Armour Shoppe.
  1170 | D:2      | Noticed Natasha
  1189 | D:2      | Found Lukuujim's General Store.
  1226 | D:2      | Killed Natasha
  1490 | D:2      | Noticed Natasha
  1502 | D:2      | Killed Natasha
  1503 | D:2      | Reached XP level 4. HP: 16/40 MP: 4/4
  1759 | D:2      | Noticed Natasha
  1775 | D:2      | Killed Natasha
  2076 | D:2      | Found Rem Jipuqo's Jewellery Shop.
  2649 | D:2      | Reached XP level 5. HP: 47/47 MP: 5/5
  2959 | D:2      | Gained mutation: You have hidden genetic defects. [potion
                  | of mutation]
  2959 | D:2      | Gained mutation: You have a pair of small horns on your
                  | head. [potion of mutation]
  2960 | D:2      | Lost mutation: You have hidden genetic defects. [potion of
                  | mutation]
  2960 | D:2      | Lost mutation: You have a pair of small horns on your head.
                  | [potion of mutation]
  2960 | D:2      | Gained mutation: You possess an exceptional clarity of
                  | mind. [potion of mutation]
  2960 | D:2      | Gained mutation: You are partially covered in large bone
                  | plates. (SH +4) [potion of mutation]
  3485 | D:3      | Noticed Grinder
  3508 | D:3      | Killed from afar by Grinder

Illustrated notes

Levels and vault maps discovered:
D:1:      saegor_arrival_under_anarchy, layout_basic, serial_shops, shop_statue
D:2:      layout_basic, serial_shops, nicolae_shop_stone, shop, shop,
          kennysheep_generic_room_13, uniq_natasha
D:3:      layout_rooms, mainiacjoe_overflow_24_doors,
          nicolae_overflow_hidden_temple, uniq_grinder

Skill      XL: |  1  2  3  4 |
---------------+-------------+-----
Dodging        | 3 |  3.8
Fighting       | 4 |  4.7
Maces & Flails | 4 |  4.3
Stealth        | |  1.7

Action                   |  1- 3 |  4- 6 || total
-------------------------+-------+-------++-------
Melee: Mace              |    83 |   138 ||   221
       Tailslap          |     4 |     8 ||    12
       Punch             |     1 |     1 ||     2
Evoke: Wand              |       |     3 ||     3
  Use: Scroll            |       |     5 ||     5
       Potion            |       |     2 ||     2
 Stab: Sleeping          |     6 |     1 ||     7
Armor: Skin              |    21 |    44 ||    65
Dodge: Dodged            |    59 |   152 ||   211
Block: Other             |       |     1 ||     1
